 Dungeon Crawl Stone Soup version 0.29-a0-1047-g7c58e119a4 (webtiles) character file.

Game seed: 4022307757615248844

135765 nickcage the Merfolkian Porcupine (level 17, 0/147 HPs)
             Began as a Merfolk Gladiator on Aug 16, 2022.
             Was a High Priest of Qazlal.
             Slain by a swamp worm (18 damage)
             ... called by a spriggan druid
             ... on level 2 of the Swamp.
             The game lasted 01:47:26 (32144 turns).

nickcage the Merfolkian Porcupine (MfGl)           Turns: 32144, Time: 01:47:27

Health: 0/147      AC: 25    Str: 24    XL:     17   Next: 20%
Magic:  10/23      EV: 16    Int:  6    God:    Qazlal [*****.]
Gold:   2314       SH:  7    Dex: 16    Spells: 16/16 levels left

rFire   . . .      SeeInvis +   b - +3 glaive
rCold   + . .      Faith    .   (shield currently unavailable)
rNeg    + + .      Spirit   .   q - +3 plate armour {rPois}
rPois   +          Reflect  .   f - +2 hood of the Assassin {Detection Stab+ Stlth++}
rElec   +          Harm     .   Y - +1 cloak of the Unbroken {-Tele rElec Regen+ Str+4}
rCorr   .          Rampage  .   A - +0 pair of gloves
Will    ++...      NoTele   +   (boots currently unavailable)
Stlth   ..........              (no amulet)
HPRegen 1.14/turn               s - ring of the Equinox {rElec rC+ rN++ Int-3 SInv}
MPRegen 0.18/turn               h - ring of willpower

@: mighty, protected from physical damage, repel missiles, very quick
A: nimble swimmer 2, mertail
a: Renounce Religion, Upheaval, Elemental Force, Disaster Area


You were on level 2 of the Swamp.
You worshipped Qazlal.
Qazlal was extremely pleased with you.
You visited 4 branches of the dungeon, and saw 23 of its levels.
You also visited: Gauntlet and Volcano.

You collected 2675 gold pieces.
You spent 361 gold pieces at shops.

Inventory:

Hand Weapons
 b - a +3 glaive (weapon)
 B - a +2 vorpal spear
Missiles
 d - 6 throwing nets
 C - 45 poisoned darts
 F - 11 silver javelins (quivered)
 O - 3 curare-tipped darts
Armour
 f - the +2 hood of the Assassin (worn) {Detection Stab+ Stlth++}
   (You found it in a Gauntlet)

   It allows the wearer to sense nearby creatures.
   It allows the wearer to make particularly effective stabbing attacks against
   helpless or unaware enemies with any weapon.
   Stlth:     It makes you much more stealthy.
 p - a +1 pair of boots (melded)
 q - a +3 plate armour of poison resistance (worn)
 x - +1 storm dragon scales
 A - a +0 pair of gloves (worn)
 P - a +2 cloak of fire resistance
 X - a +0 plate armour of cold resistance
 Y - the +1 cloak of the Unbroken (worn) {-Tele rElec Regen+ Str+4}
   (You found it on level 13 of the Dungeon)

   Str:       It affects your strength (+4).
   rElec:     It insulates you from electricity.
   -Tele:     It prevents most forms of teleportation.
   Regen:     It increases your rate of health regeneration.
Jewellery
 h - a ring of willpower (right hand)
 i - the ring "Iqeyn" {rPois rF+ Str-3 Dex+2}
   (You found it on level 15 of the Dungeon)

   [ring of protection from fire]

   Str:       It affects your strength (-3).
   Dex:       It affects your dexterity (+2).
   rF:        It protects you from fire.
   rPois:     It protects you from poison.
 l - a ring of poison resistance
 o - a +4 ring of evasion
 s - the ring of the Equinox (left hand) {rElec rC+ rN++ Int-3 SInv}
   (You took it off a minotaur in a Gauntlet)

   [ring of protection from cold]

   Int:       It affects your intelligence (-3).
   rC:        It protects you from cold.
   rElec:     It insulates you from electricity.
   rN:        It greatly protects you from negative energy.
   SInv:      It lets you see invisible.
 K - a ring of resist corrosion
 L - a +6 ring of strength
 N - a ring of protection from fire
 U - a ring of positive energy
Wands
 a - a wand of mindburst (8)
 g - a wand of quicksilver (16)
 D - a wand of roots (14)
 G - a wand of flame (16)
 M - a wand of charming (26)
Scrolls
 j - a scroll of enchant armour
 k - a scroll of blinking
 m - 3 scrolls of poison
 r - 3 scrolls of teleportation
 u - 2 scrolls of summoning
 y - 3 scrolls of fog
 R - a scroll of magic mapping
 S - a scroll of fear
 W - 5 scrolls of identify
Potions
 c - a potion of haste
 e - 2 potions of resistance
 n - 2 potions of flight
 v - 7 potions of curing
 w - 2 potions of berserk rage
 E - a potion of might
 I - a potion of magic
 J - 4 potions of cancellation
 Q - 5 potions of ambrosia


   Skills:
 - Level 17.0 Fighting
 O Level 27 Polearms
 - Level 2.0 Throwing
 - Level 9.1 Armour
 * Level 13.4 Dodging
 * Level 8.0 Invocations
 - Level 0.2 Evocations


You had 16 spell levels left.
You didn't know any spells.
Your spell library contained the following spells:

 Spells                   Type           Power      Damage    Failure   Level
 Apportation              Tloc           0%         N/A       99%         1
 Freeze                   Ice            0%         1d3       99%         1
 Necrotise                Necr           0%         1d4       99%         1
 Sting                    Tmut/Pois      0%         1d3       99%         1
 Summon Small Mammal      Summ           0%         N/A       99%         1
 Blink                    Tloc           0%         N/A       100%        2
 Poisonous Vapours        Pois/Air       0%         N/A       100%        2
 Static Discharge         Conj/Air       0%         3-3/arc   100%        2
 Sublimation of Blood     Necr           0%         N/A       100%        2
 Wereblood                Tmut           0%         N/A       100%        2
 Call Canine Familiar     Summ           0%         N/A       100%        3
 Conjure Flame            Conj/Fire      0%         6-21      100%        3
 Dazzling Flash           Conj/Hex       0%         N/A       100%        3
 Frozen Ramparts          Ice            0%         1d1       100%        3
 Gell's Gravitas          Tloc           0%         N/A       100%        3
 Ignite Poison            Fire/Tmut/Pois 0%         N/A       100%        3
 Lesser Beckoning         Tloc           0%         N/A       100%        3
 Mephitic Cloud           Conj/Pois/Air  0%         N/A       100%        3
 Summon Guardian Golem    Hex/Summ       0%         N/A       100%        3
 Teleport Other           Tloc           0%         N/A       100%        3
 Tukima's Dance           Hex            0%         N/A       100%        3
 Hailstorm                Conj/Ice       0%         3d3       100%        4
 Ice Form                 Ice/Tmut       0%         N/A       100%        4
 Olgreb's Toxic Radiance  Pois           0%         N/A       100%        4
 Passage of Golubria      Tloc           0%         N/A       100%        4
 Petrify                  Tmut/Erth      0%         N/A       100%        4
 Sticky Flame             Conj/Fire      0%         2d3       100%        4
 Summon Ice Beast         Ice/Summ       0%         N/A       100%        4
 Summon Lightning Spire   Summ/Air       0%         N/A       100%        4
 Agony                    Necr           0%         N/A       100%        5
 Alistair's Intoxication  Tmut/Pois      0%         N/A       100%        5
 Borgnjor's Vile Clutch   Necr/Erth      0%         N/A       100%        5
 Freezing Cloud           Conj/Ice/Air   0%         6-21      100%        5
 Irradiate                Conj/Tmut      0%         3d11      100%        5
 Lightning Bolt           Conj/Air       0%         1d11      100%        5
 Silence                  Hex/Air        0%         N/A       100%        5
 Summon Mana Viper        Hex/Summ       0%         N/A       100%        5
 Death Channel            Necr           0%         N/A       100%        6
 Dispersal                Tloc           0%         N/A       100%        6
 Simulacrum               Ice/Necr       0%         N/A       100%        6
 Haunt                    Necr/Summ      0%         N/A       100%        7
 Monstrous Menagerie      Summ           0%         N/A       100%        7
 Summon Hydra             Summ           0%         N/A       100%        7
 Lehudib's Crystal Spear  Conj/Erth      0%         10d2      100%        8
 Maxwell's Capacitive Co  Air            0%         ∞         100%        8


Dungeon Overview and Level Annotations

Branches:
Dungeon (15/15)            Temple (1/1) D:6            Lair (5/5) D:8
  Swamp (2/4) Lair:2       Spider (0/4) Lair:2        Slime (0/5) Lair:5
    Orc (0/2) D:9          Vaults (0/5) D:13         Depths (0/4) D:15
Volcano (visited)         Gauntlet (visited)

Altars:
Ashenzari
Cheibriados
Dithmenos
Elyvilon
Fedhas
Gozag
Hepliaklqana
Kikubaaqudgha
Makhleb
Nemelex Xobeh
Okawaru
Qazlal
Ru
Sif Muna
Trog
Uskayaw
Vehumet
Wu Jian
Xom
Yredelemnul
Zin
The Shining One

Shops:
D:6 *   D:8 *((   D:12 (

Portals:
Hell: Lair:5

Annotations:
D:13 2 transporters, Jiziv's ghost, journeyman DjCj
Lair:5 1 runed translucent door


Innate Abilities, Weirdness & Mutations

You are very nimble when in or above water. (Stealth+, EV+, Speed+++)
Your lower body shifts to a powerful aquatic tail in water.


Message History

The hornet stings you but does no damage.
The bog body touches you but does no damage.
You block the hornet's attack. The spriggan rider closely misses you.
You slice the hornet!!
You kill the hornet!
Qazlal accepts your kill. The bog body closely misses you.
You slice the bog body!!
The bog body is severely damaged.
Your water elemental barely misses the bog body.
The spriggan rider barely misses you.
Something barely misses your water elemental.
The bog body misses you. Something bites your water elemental.
You slash the bog body!
The bog body is almost destroyed.
Your water elemental hits the bog body!
The bog body is destroyed!
Qazlal accepts your kill.
The spriggan rider hits you from afar with a +0 spear!!
* * * LOW HITPOINT WARNING * * *
You feel more protected from physical attacks.
Your Invocations skill increases to level 8!
Reach: b) +3 glaive
Press: ? - help, Dir - move target, f - spriggan rider
Aim: a spriggan rider, wielding a +0 spear (severely wounded, about 42% to evade your +3 glaive)
You reach to attack!
You slice the spriggan rider!!
You kill the hornet!
Qazlal accepts your kill.
The spriggan falls from its now dead mount.
The spriggan is almost dead.
Something bites your water elemental.
You slash the swamp drake!
The swamp drake is heavily wounded.
Your water elemental hits the spriggan!!
The spriggan dies!
Qazlal accepts your kill. The swamp worm closely misses you.
The swamp drake closely misses you. Something bites your water elemental!
You feel better. The swamp worm bites you!!
You die...

♣♣♣♣♣ ♣♣...♣♣ ♣♣.~~~~.
♣♣♣♣♣ ♣.~~~~~~ .♣♣ ♣♣~w@♣
♣♣♣♣♣.~~§~~~ .~~.♣♣♣:)k♣♣
♣~.♣♣...§~÷~ ~~~..~.~§E~♣♣
♣.~..~~~[..~
§~~....~).{§♣♣♣♣....~~~.♣♣♣
~~~..).†..~~.~.~♣♣...~~..♣
~~~.~~~~.~~..w..~~♣.~~.~♣♣♣
~~~~~~~~.♣♣♣...~♣♣♣~~§~~♣~♣
~~~~~~~~.♣ ♣♣..~♣ ♣♣...♣~..
.<.~~~~~.♣ ♣♣♣♣♣ ♣♣♣♣♣~~~


You could see a swamp worm (strong), a swamp drake (strong, ally target) and a
friendly water elemental (summoned).

Vanquished Creatures
  Donald (Swamp:2)
  A minotaur (Gauntlet)
  2 eleionomae
  A deep elf annihilator (D:13)
  A fire dragon (D:15)
  An ice dragon (D:15)
  17 hydras
  2 ogre magi (D:13)
  A death knight (D:15)
  4 boulder beetles
  2 catoblepae (D:14)
  A spriggan air mage (Swamp:2)
  A centaur warrior (D:15)
  9 two-headed ogres
  A deep troll earth mage (D:13)
  5 alligators
  Urug (Lair:4)
  A sun demon (Lair:5)
  Sonja (Lair:2)
  2 goliath frogs (Swamp:2)
  2 skeletal warriors (Volcano)
  2 anaconda skeletons (Volcano)
  3 spriggan druids (Swamp:2)
  3 bog bodies
  3 wizards
  2 lindwurms
  5 deep elf pyromancers
  2 deep elf zephyrmancers (D:13)
  5 cyclopes
  2 will-o-the-wisps (Swamp:2)
  26 ugly things
  3 manticores
  10 elephants (Lair:4)
  6 black mambas
  2 orange demons (Lair:5)
  9 cane toads
  6 gargoyles
  Psyche (D:10)
  A torpor snail (Lair:2)
  2 unseen horrors
  15 komodo dragons
  10 rime drakes
  2 freezing wraiths (D:15)
  5 kobold demonologists (D:13)
  5 tengu conjurers (D:13)
  A hellwing (Lair:5)
  3 ice devils (Lair:5)
  A red devil (Lair:5)
  4 polar bears
  A queen bee (Lair:1)
  A meliai (shapeshifter) (D:13)
  3 meliai (D:14)
  8 hornets
  A troll (D:12)
  A tyrant leech (Swamp:1)
  A harpy skeleton (Volcano)
  5 dream sheep (Lair:2)
  5 slime creatures (D:14)
  29 blink frogs
  3 flying skulls (Volcano)
  3 alligator skeletons (Volcano)
  8 spriggans
  A shadow (D:10)
  5 centaur simulacra (Gauntlet)
  34 yaks
  A vampire (D:11)
  4 culicivoras (Lair:2)
  3 wraiths
  2 fire bats (Gauntlet)
  5 wyverns
  A hog (shapeshifter) (D:14)
  8 basilisks
  9 vampire mosquitoes
  An acid dragon (D:11)
  9 swamp worms
  14 water moccasins
  A swamp drake (Swamp:2)
  3 hell hounds (Lair:5)
  4 orc warriors
  2 ice beasts
  3 black bears
  17 wolves
  An ogre (D:5)
  2 sky beasts
  A phantom (D:4)
  2 kobold brigands (D:9)
  10 bullfrogs
  A necrophage (D:5)
  A gnoll sergeant (D:9)
  3 scorpions (D:4)
  A cane toad simulacrum (Gauntlet)
  A wight (D:9)
  33 killer bees
  A troll skeleton (Volcano)
  2 electric eels
  2 spriggan skeletons (Volcano)
  A quasit (D:8)
  5 orc priests
  2 hounds
  2 iguanas
  5 orc wizards
  2 naga skeletons (Volcano)
  19 gnolls
  8 adders
  A shadow imp (D:6)
  A white imp (D:6)
  An ufetubus (D:4)
  2 worms (D:2)
  25 orcs
  4 bats
  7 endoplasms
  2 giant cockroaches
  4 goblins
  12 hobgoblins
  4 jackals (D:1)
  17 kobolds
  2 quokkas
  3 training dummies (D:12)
  8 ball pythons
  3 frilled lizards (D:1)
  2 goblin zombies (D:8)
  4 hobgoblin zombies (D:8)
  A kobold skeleton (D:8)
  2 kobold zombies (D:8)
  An orc zombie (D:8)
  5 rats
608 creatures vanquished.

Vanquished Creatures (collateral kills)
  A bog body (Swamp:2)
  A spriggan (Swamp:2)
2 creatures vanquished.

Vanquished Creatures (others)
  A tengu conjurer (D:13)
  A bloated husk (Swamp:1)
  2 vampire mosquitoes (Swamp:1)
  A quokka (D:6)
  6 foxfires (Swamp:2)
  38 fungi
  61 plants
  4 toadstools (D:4)
114 creatures vanquished.

Grand Total: 724 creatures vanquished

Notes
Turn   | Place    | Note
-------+----------+-------------------------------------------
     0 | D:1      | nickcage the Merfolk Gladiator began the quest for the Orb.
     0 | D:1      | Reached XP level 1. HP: 16/16 MP: 1/1
    74 | D:1      | Reached XP level 2. HP: 19/22 MP: 2/2
   180 | D:1      | Reached skill level 5 in Polearms
   364 | D:1      | Found a faded altar of an unknown god.
   515 | D:1      | Reached XP level 3. HP: 27/27 MP: 3/3
   843 | D:2      | Reached skill level 6 in Polearms
  1121 | D:2      | Found a burning altar of Makhleb.
  1138 | D:2      | Reached XP level 4. HP: 26/33 MP: 4/4
  1484 | D:2      | Reached skill level 7 in Polearms
  1989 | D:3      | Reached XP level 5. HP: 36/38 MP: 5/5
  2217 | D:3      | Found a faded altar of an unknown god.
  2638 | D:3      | Found a shimmering blue altar of Sif Muna.
  2778 | D:4      | Reached skill level 8 in Polearms
  2964 | D:4      | HP: 1/38 [gnoll/+2 whip of distortion (19)]
  3287 | D:4      | Reached skill level 9 in Polearms
  3287 | D:4      | Reached XP level 6. HP: 42/44 MP: 6/6
  3588 | D:4      | Reached skill level 10 in Polearms
  3667 | D:4      | Reached XP level 7. HP: 47/50 MP: 7/7
  3916 | D:5      | Entered Level 5 of the Dungeon
  3916 | D:5      | Found a shadowy altar of Dithmenos.
  4412 | D:5      | Reached skill level 11 in Polearms
  4736 | D:5      | Found a snail-covered altar of Cheibriados.
  4777 | D:5      | Reached skill level 12 in Polearms
  4777 | D:5      | Reached XP level 8. HP: 45/56 MP: 8/8
  4950 | D:5      | Found a burning altar of Makhleb.
  5180 | D:6      | Found an ancient bone altar of Kikubaaqudgha.
  5269 | D:6      | Found Yfrineat's Assorted Antiques.
  5461 | D:6      | Found a staircase to the Ecumenical Temple.
  5473 | Temple   | Entered the Ecumenical Temple
  5478 | Temple   | Became a worshipper of Qazlal Stormbringer
  5602 | D:6      | Found an ornate altar of the Wu Jian Council.
  5779 | D:6      | Found a white marble altar of Elyvilon.
  5826 | D:6      | Reached skill level 13 in Polearms
  6102 | D:7      | Found a glowing silver altar of Zin.
  6382 | D:7      | Found a radiant altar of Vehumet.
  6394 | D:7      | Reached skill level 14 in Polearms
  6394 | D:7      | Reached skill level 1 in Armour
  6943 | D:8      | Noticed a two-headed ogre
  6995 | D:8      | Found a glowing golden altar of the Shining One.
  7128 | D:8      | Reached XP level 9. HP: 64/64 MP: 9/9
  7135 | D:8      | Found Inouss's Assorted Antiques.
  7139 | D:8      | Bought a jade ring for 160 gold pieces
  7139 | D:8      | Bought a scroll labelled QAUDOS YPAMUU for 32 gold pieces
  7223 | D:8      | Reached skill level 5 in Dodging
  7255 | D:8      | Found Dynkim's Antique Weapon Shoppe.
  7255 | D:8      | Noticed a two-headed ogre
  7268 | D:8      | Reached * piety under Qazlal
  7272 | D:8      | Found Ofoelaub's Antique Weapon Shop.
  7662 | D:8      | Reached skill level 5 in Fighting
  7971 | D:8      | Found a staircase to the Lair.
  8024 | Lair:1   | Entered Level 1 of the Lair of Beasts
  8044 | Lair:1   | Noticed a komodo dragon
  8059 | Lair:1   | HP: 3/69 [komodo dragon (14)]
  8062 | Lair:1   | Killed a komodo dragon
  8297 | Lair:1   | Found a gate leading to a gauntlet.
  8312 | Gauntlet | Entered a Gauntlet
  8312 | Gauntlet | Found a transporter.
  8319 | Gauntlet | Noticed a fire crab
  8435 | Gauntlet | Found a transporter.
  8450 | Gauntlet | Found a transporter.
  8455 | Gauntlet | Found a transporter.
  8470 | Gauntlet | Found a transporter.
  8489 | Gauntlet | Found a transporter.
  8501 | Gauntlet | Found a transporter.
  8503 | Gauntlet | Noticed a ghost crab
  8507 | Gauntlet | Found a transporter.
  8518 | Gauntlet | Found a large runed translucent door.
  8519 | Gauntlet | Found a large runed translucent door.
  8520 | Gauntlet | Found a large runed translucent door.
  8520 | Gauntlet | Found a large runed translucent door.
  8520 | Gauntlet | Noticed a death yak
  8520 | Gauntlet | Noticed a death yak
  8521 | Gauntlet | Found a runed translucent gate.
  8521 | Gauntlet | Noticed a death yak
  8522 | Gauntlet | Found a transporter.
  8522 | Gauntlet | Found a runed translucent gate.
  8523 | Gauntlet | Found a runed translucent gate.
  8523 | Gauntlet | Noticed a torpor snail
  8524 | Gauntlet | Found a large runed translucent door.
  8524 | Gauntlet | Found a large runed translucent door.
  8525 | Gauntlet | Found a large runed translucent door.
  8526 | Gauntlet | Found a large runed translucent door.
  8530 | Gauntlet | Noticed a wretched star
  8534 | Gauntlet | Found a transporter.
  8542 | Gauntlet | Noticed a catoblepas
  8543 | Gauntlet | Noticed a gargoyle
  8546 | Gauntlet | Found a transporter.
  8549 | Gauntlet | Noticed a gargoyle
  8556 | Gauntlet | Noticed a molten gargoyle
  8563 | Gauntlet | Found a transporter.
  8563 | Gauntlet | Found a transporter.
  8579 | Gauntlet | Found a large runed translucent door.
  8579 | Gauntlet | Found a large runed translucent door.
  8579 | Gauntlet | Found a runed translucent door.
  8579 | Gauntlet | Found a runed translucent door.
  8580 | Gauntlet | Found a large runed translucent door.
  8581 | Gauntlet | Found a large runed translucent door.
  8583 | Gauntlet | Found a transporter.
  8599 | Gauntlet | Found a large runed translucent door.
  8599 | Gauntlet | Found a large runed translucent door.
  8600 | Gauntlet | Found a large runed translucent door.
  8601 | Gauntlet | Found a large runed translucent door.
  8607 | Gauntlet | Found a transporter.
  8607 | Gauntlet | Found the +2 hood of the Assassin {Detection Stab+ Stlth++}
  8674 | Gauntlet | Found a transporter.
  8701 | Gauntlet | Found a transporter.
  8813 | Gauntlet | Found a transporter.
  8856 | Gauntlet | Reached XP level 10. HP: 29/82 MP: 10/10
  9125 | Gauntlet | Reached skill level 5 in Armour
  9462 | Gauntlet | HP: 1/85 [centaur warrior simulacrum (29)]
  9464 | Gauntlet | Reached skill level 10 in Fighting
  9819 | Gauntlet | Identified the ring of the Equinox {rElec rC+ rN++ Int-3
                  | SInv}
  9819 | Gauntlet | Noticed a minotaur
  9840 | Gauntlet | Killed a minotaur
  9852 | Gauntlet | Got the Book of the Wayfarer
 10167 | Lair:1   | Noticed a black mamba
 10179 | Lair:1   | Killed a black mamba
 10468 | Lair:1   | HP: 4/89 [blink frog (12)]
 11028 | Lair:1   | Reached XP level 11. HP: 83/97 MP: 11/11
 12318 | Lair:1   | Reached ** piety under Qazlal
 12654 | Lair:1   | Noticed a six-headed hydra
 12663 | Lair:1   | Killed a six-headed hydra
 12706 | Lair:1   | Reached skill level 15 in Fighting
 13810 | Lair:2   | Noticed a five-headed hydra
 13883 | D:8      | Killed a two-headed ogre
 13990 | D:8      | Reached XP level 12. HP: 106/111 MP: 12/12
 14084 | D:8      | Bought a glaive for 169 gold pieces
 14394 | D:8      | Killed a two-headed ogre
 14523 | D:9      | Reached *** piety under Qazlal
 14563 | D:9      | Reached skill level 15 in Polearms
 14563 | D:9      | Noticed a two-headed ogre
 14764 | D:9      | Found a staircase to the Orcish Mines.
 14848 | D:9      | Killed a two-headed ogre
 15611 | D:9      | Noticed a two-headed ogre
 15614 | D:9      | Killed a two-headed ogre
 15799 | D:9      | Found a hazy altar of Hepliaklqana.
 15885 | D:10     | Entered Level 10 of the Dungeon
 16010 | D:10     | Found an iron altar of Okawaru.
 16040 | D:10     | Noticed Psyche
 16062 | D:10     | Killed Psyche
 16447 | D:10     | Found a hide-covered altar of Uskayaw.
 16583 | D:10     | Found a sparkling altar of Nemelex Xobeh.
 17210 | D:11     | Noticed a boulder beetle
 17216 | D:11     | Killed a boulder beetle
 17557 | Lair:2   | Reached skill level 16 in Polearms
 17674 | Lair:2   | Found a hole to the Spider Nest.
 18102 | Lair:2   | Reached **** piety under Qazlal
 18149 | Lair:2   | Noticed a six-headed hydra
 18159 | Lair:2   | Killed a six-headed hydra
 18160 | Lair:2   | Reached skill level 17 in Polearms
 18307 | Lair:2   | Killed a five-headed hydra
 18308 | Lair:2   | Reached XP level 13. HP: 96/119 MP: 13/13
 18502 | Lair:2   | Noticed Sonja
 18510 | Lair:2   | Killed Sonja
 18900 | Lair:2   | Reached skill level 18 in Polearms
 19348 | Lair:2   | Found a staircase to the Swamp.
 19673 | Lair:2   | Reached skill level 10 in Dodging
 20025 | Lair:3   | Reached skill level 19 in Polearms
 20995 | Lair:4   | Noticed Urug
 21009 | Lair:4   | Killed Urug
 21065 | Lair:4   | Reached skill level 20 in Polearms
 21141 | Lair:4   | Found a dark tunnel.
 21159 | Volcano  | Entered a volcano
 21291 | Volcano  | Reached XP level 14. HP: 128/128 MP: 13/17
 21398 | Volcano  | Reached ***** piety under Qazlal
 21809 | Volcano  | Reached XP level 15. HP: 134/134 MP: 18/18
 22282 | Lair:4   | Reached skill level 21 in Polearms
 23153 | Lair:5   | Entered Level 5 of the Lair of Beasts
 23499 | Lair:5   | Reached skill level 5 in Invocations
 23683 | Lair:5   | Reached skill level 22 in Polearms
 25331 | Lair:5   | Reached skill level 23 in Polearms
 26110 | Lair:5   | Found a runed translucent door.
 26111 | Lair:5   | Found a staircase to the Slime Pits.
 26111 | Lair:5   | Noticed an acid blob
 26111 | Lair:5   | Noticed an acid blob
 26389 | Lair:5   | Found a burning altar of Makhleb.
 26395 | Lair:5   | Found a gateway to Hell.
 26995 | D:12     | Found the +7 staff of the Meek {protect, meekguard}
 27131 | D:12     | Found Axosaf's Firing Range.
 27859 | D:13     | Reached XP level 16. HP: 132/141 MP: 20/20
 27932 | D:13     | Noticed Jiziv's ghost (journeyman DjCj)
 27934 | D:13     | Found a transporter.
 27938 | D:13     | Found a transporter.
 27950 | D:13     | Reached skill level 24 in Polearms
 28156 | D:13     | Found a gate to the Vaults.
 28517 | D:13     | Got Plog's Compilation of Non-Euclidean Firn
 28543 | D:13     | Found a shimmering blue altar of Sif Muna.
 28559 | D:13     | Reached ****** piety under Qazlal
 28991 | D:13     | Got the Catalogue of Attendants
 29050 | D:13     | Identified the +1 cloak of the Unbroken {-Tele rElec Regen+
                  | Str+4}
 29099 | D:13     | Got the Treatise on Quantum Bewitchment
 29110 | D:13     | Got the Papyrus of Sinister Glaciation
 29362 | D:14     | Reached skill level 25 in Polearms
 30371 | D:15     | Entered Level 15 of the Dungeon
 30482 | D:15     | Identified the +6 rapier "Vyozil" {venom, Str+2}
 30691 | D:15     | Identified the ring "Iqeyn" {rPois rF+ Str-3 Dex+2}
 30859 | D:15     | Found a staircase to the Depths.
 31360 | Swamp:1  | Entered Level 1 of the Swamp
 31372 | Swamp:1  | Reached skill level 26 in Polearms
 31751 | Swamp:1  | Identified the +9 longbow of the Skies Above {vorpal,
                  | rCorr}
 31755 | Swamp:1  | You fall into a shaft and drop 1 floor!
 31837 | Swamp:2  | Reached XP level 17. HP: 147/147 MP: 22/22
 31864 | Swamp:2  | Noticed Donald
 31872 | Swamp:2  | Killed Donald
 32137 | Swamp:2  | Reached skill level 27 in Polearms
 32141 | Swamp:2  | HP: 4/147 [spriggan rider/+0 spear[a spriggan druid] (18)]
 32144 | Swamp:2  | Slain by a swamp worm

Illustrated notes

Levels and vault maps discovered:
D:1:      saegor_arrival_simple_b, layout_basic, ebering_ecumenical_altar_webs,
          minmay_pentomino_q4
D:2:      layout_loops_corners, basic_altar, grunt_ministairs_1,
          serial_bayou_pond_c, minmay_cut_off
D:3:      layout_basic, nicolae_overflow_ecumenical_swirl
D:4:      layout_basic, hangedman_decor_diamond_cutter, minmay_gold_behind_fungi
D:5:      layout_rooms, grunt_dithmenos_smoke, cheibriados_altar_1,
          mainiacjoe_overflow_small_starburst
D:6:      layout_basic, nzn_wu_jian_council_hall, elyvilon_altar_4,
          mainiacjoe_overflow_cross_hatched, minmay_temple_entry_slanted,
          serial_shops, nicolae_shop_hallway_stairs,
          hangedman_abyss_or_decor_stabs
D:7:      layout_loops_ring, nicolae_vehumet_altar_sigil,
          mainiacjoe_overflow_catwalk
D:8:      layout_basic, nicolae_tso_besieged_by_evil, minmay_lair_entry_grove,
          serial_shops, nicolae_shop_window_shopping, shop, shop,
          hangedman_abyss_or_decor_jellyfish_corner
D:9:      layout_basic, nicolae_hepliaklqana_hippocampus, orc_0_dummy,
          kennysheep_dice
D:10:     layout_loops_cross, nicolae_uskayaw_suspiria,
          kennysheep_okawaru_gauntlet, nemelex_diamond_rough_becter, uniq_psyche
D:11:     layout_basic, kennysheep_generic_room_12
D:12:     layout_long_grid, nicolae_shop_firing_range
D:13:     evilmike_library_of_no_secrets, layout_gridville, david_vaults_2,
          gammafunk_ghost_abyssal_escape
D:14:     layout_long_grid, chequers_decorated_corner, drop_trap
D:15:     grunt_enter_depths_hoard, layout_long_grid,
          hangedman_decor_clover_reticule
Temple:   hellmonk_temple_of_storms
Lair:1:   layout_hall_layers, special_room [special_room_bee],
          gauntlet_entry_generic
Lair:2:   layout_misc_corridors, minmay_swamp_entry_worms,
          hellmonk_spider_entry_life_and_decay, serial_bayou_shore_a, uniq_sonja
Lair:3:   layout_regular_city, lemuel_fruit_tree, infiniplex_staircase_pool,
          grunt_megastairs_3
Lair:4:   layout_regular_city, nicolae_volcano_entry_vermiform, uniq_urug
Lair:5:   evil_forest, layout_cave_pods, slime_entry_2, minmay_lair_drake_nest
Swamp:1:  layout_basic_swamp, nicolae_swamp_trees_clearing, swamp_pool3
Swamp:2:  layout_basic_swamp, nicolae_swamp_decorative_isthmus, swamp_pool5,
          uniq_donald

Skill      XL: |  1  2  3  4  5  6  7  8  9 10 11 12 13 14 15 16 17 |
---------------+----------------------------------------------------+-----
Polearms       | 5 6 7 9 10 12 14 17 20 23 26 27 | 27.0
Armour         | 2 4 6 7 8 9 |  9.1
Fighting       | 3 8 12 15 16 17 | 17.0
Dodging        | 6 7 9 10 11 13 | 13.4
Invocations    | 4 6 7 8 |  8.0
Throwing       | |  2.0
Evocations     | |  0.2

Action                   |  1- 3 |  4- 6 |  7- 9 | 10-12 | 13-15 | 16-18 || total
-------------------------+-------+-------+-------+-------+-------+-------++-------
Melee: Trident           |   101 |   172 |   367 |   549 |       |       ||  1189
       Punch             |     2 |     2 |     3 |    11 |     1 |     1 ||    20
       Glaive            |       |       |       |   263 |   800 |   537 ||  1600
       Spear             |       |       |       |    17 |   124 |    25 ||   166
       Tailslap          |       |       |       |       |     3 |     5 ||     8
Throw: Boomerang         |     2 |    26 |    60 |    35 |       |       ||   123
       Dart              |       |       |     2 |    12 |     8 |       ||    22
       Javelin           |       |       |       |     5 |    21 |       ||    26
Invok: Elemental Force   |       |       |       |       |       |     2 ||     2
       Disaster Area     |       |       |       |       |       |     1 ||     1
Evoke: Wand              |       |       |     1 |     2 |       |       ||     3
  Use: Scroll            |       |     5 |    13 |    11 |     6 |     1 ||    36
       Potion            |       |       |     4 |     5 |     3 |     3 ||    15
 Stab: Sleeping          |     1 |       |       |       |       |       ||     1
       Petrified         |       |       |       |       |       |     3 ||     3
       Petrifying        |       |       |       |       |       |     1 ||     1
       Paralysed         |       |       |       |       |       |     1 ||     1
Armor: Leather armour    |    14 |       |       |       |       |       ||    14
       Chain mail        |    15 |    59 |    47 |       |       |       ||   121
       Plate armour      |       |       |   138 |    47 |       |    26 ||   211
       Storm dragon scal |       |       |       |   257 |   359 |   185 ||   801
Dodge: Dodged            |    39 |    49 |    86 |   237 |   357 |   204 ||   972
       Repelled          |       |       |       |       |     5 |     9 ||    14
Block: Other             |       |       |     3 |    60 |   172 |   112 ||   347

Table legend: (Time is in decaauts)
 A = Elapsed time spent in this place.
 B = Non-inter-level travel time spent in this place.
 C = Inter-level travel time spent in this place.
 D = Time resting spent in this place.
 E = Time spent auto-exploring this place.
 F = Levels seen in this place.
 G = Mean time per level.
                   A        B        C        D        E       F      G
               +--------+--------+--------+--------+--------+-----+--------+
         Total |  31196 |  30260 |    936 |   9580 |  15220 |  25 | 1247.8 |
       Dungeon |  16406 |  15792 |    614 |   3558 |   9468 |  15 | 1093.7 |
        Temple |     45 |     45 |      0 |      0 |     26 |   1 |   45.0 |
          Lair |  11280 |  10959 |    321 |   4175 |   4947 |   5 | 2256.0 |
         Swamp |    639 |    639 |      0 |      5 |    387 |   2 |  319.5 |
       Volcano |   1000 |   1000 |      0 |    626 |    156 |   1 | 1000.0 |
      Gauntlet |   1824 |   1824 |      0 |   1215 |    236 |   1 | 1824.0 |
               +--------+--------+--------+--------+--------+-----+--------+

Top non-repeatable levels by time:
  Lair:1: 3647 daAuts
  Lair:5: 3213 daAuts
  Lair:2: 2001 daAuts
     D:8: 1879 daAuts
Gauntlet: 1824 daAuts
     D:4: 1727 daAuts
    D:13: 1541 daAuts
     D:7: 1260 daAuts
  Lair:3: 1250 daAuts
     D:9: 1188 daAuts
  Lair:4: 1167 daAuts
     D:2: 1131 daAuts
    D:12: 1097 daAuts
    D:14: 1053 daAuts
 Volcano: 1000 daAuts
